 Dungeon Crawl Stone Soup version 0.24-a0-429-g4608c8fa30 (webtiles) character file.

Game seed: 16358680938334770162

214 Amnesiac the Charmwright (level 5, -5/38 HPs)
             Began as a Merfolk Skald on June 13, 2019.
             Was an Initiate of Gozag.
             Killed by nerve-wracking pain
             ... invoked by an orc priest
              (7 damage)
             ... on level 3 of the Dungeon.
             The game lasted 00:11:17 (2869 turns).

Amnesiac the Charmwright (Merfolk Skald)            Turns: 2869, Time: 00:11:18

Health: -5/38      AC:  6    Str: 11    XL:     5   Next: 91%
Magic:  6/8        EV: 12    Int: 13    God:    Gozag
Gold:   110        SH:  0    Dex: 14    Spells: 4/8 levels left

rFire    . . .     SeeInvis .   q - +0 spear
rCold    . . .     Gourm    .   (no shield)
rNeg     . . .     Faith    .   b - +0 leather armour
rPois    .         Spirit   .   (no helmet)
rElec    .         Reflect  .   l - +2 cloak
rCorr    .         Harm     .   (no gloves)
MR       .....                  (no boots)
Stlth    +.........             (no amulet)
HPRegen  0.12/turn              (no ring)
MPRegen  0.11/turn              (no ring)

@: no status effects
A: change form in water, swift swim, stealthy swim
a: Potion Petition, Call Merchant, Bribe Branch, Renounce Religion


You were on level 3 of the Dungeon.
You worshipped Gozag.
Gozag was aware of your devotion.
You were near starving.

You visited 2 branches of the dungeon, and saw 6 of its levels.

You collected 196 gold pieces.
You paid 86 gold pieces to Gozag.

Inventory:

Hand Weapons
 a - a +0 trident
 q - a +0 spear (weapon)
Armour
 b - a +0 leather armour (worn)
 l - a +2 cloak (worn)
Jewellery
 n - an uncursed ring of see invisible {unknown}
Scrolls
 c - 3 scrolls of remove curse {!r}
 e - a scroll of enchant armour {!r}
 f - a scroll of fear {!r, unknown}
 k - 2 scrolls of amnesia {!r, unknown}
 o - a scroll of immolation {!r, unknown}
Potions
 g - a potion of cancellation {!q, unknown}
 h - a potion of magic {!q}
 j - a potion of brilliance {!q, unknown}
 m - a potion of agility {!q, unknown}
 p - a potion of ambrosia {!q, unknown}
Comestibles
 d - 9 rations


   Skills:
 - Level 2.1 Fighting
 + Level 4.5 Polearms
 - Level 0.6 Armour
 - Level 2.6 Dodging
 - Level 2.0 Spellcasting
 - Level 3.1 Hexes
 - Level 5.2 Charms


You had 4 spell levels left.
You knew the following spells:

 Your Spells              Type           Power        Failure   Level  Hunger
a - Infusion              Chrm           ##..         3%          1    ##.....
e - Spectral Weapon       Hex/Chrm       ##......     19%         3    ####...

Your spell library contained the following spells:

 Spells                   Type           Power        Failure   Level  Hunger
 Song of Slaying          Chrm           ##......     6%          2    ###....
 Shroud of Golubria       Chrm/Tloc      #.....       17%         2    ###....
 Regeneration             Chrm/Necr      #.........   34%         3    ####...


Dungeon Overview and Level Annotations

Branches:
Dungeon (5/15)             Temple (1/1) D:5

Altars:
Ashenzari
Cheibriados
Dithmenos
Gozag
Hepliaklqana
Kikubaaqudgha
Nemelex Xobeh
Qazlal
Ru
Trog
Vehumet
Wu Jian
Zin

Annotations:
D:4 Duvessa


Message History

You climb downwards.
Level annotation: Duvessa
There is a stone staircase leading up here.
Partly explored, can't reach some places.
Partly explored, can't reach some places.
There is a stone staircase leading up here.
(D) Dungeon (T) Temple
Where to? (Enter - D:1, ? - help)
What level of the Dungeon? (default 1, ? - help)
You climb upwards.
There is a stone staircase leading down here.
You see here a cursed +0 robe.
You see here a +0 short sword.
You are near starving!
Things that are here:
a boomerang; a +0 flail
(D) Dungeon (T) Temple
Where to? (Enter - D:1, ? - help)
Things that are here:
a +0 robe; a +0 dagger The orc priest is too close now for your liking.
(D) Dungeon (T) Temple
Where to? (Enter - D:1, ? - help)
Okay, then.
Casting: Infusion (safe; 3% risk of failure)
Confirm with . or Enter, or press ? or * to list all spells.
You draw out your weapon's spirit!
The orc priest shouts!
Unknown command.
You swap places.
The orc priest mumbles some strange prayers to Beogh against you.
Pain shoots through your body!
The orc priest mumbles some strange prayers to Beogh against you.
Beogh smites you!
* * * LOW HITPOINT WARNING * * *
You are too injured to fight recklessly!
You hit the orc priest but do no damage.
The orc priest closely misses you.
Really quaff
i - a potion of curing {!q}?
You feel better. The orc hits you but does no damage.
You hit the orc priest but do no damage.
The orc priest is moderately wounded.
The orc priest mumbles some strange prayers to Beogh against you.
Beogh smites you!
* * * LOW HITPOINT WARNING * * *
You hit the orc priest but do no damage.
The orc priest is moderately wounded.
The orc priest closely misses you. The orc closely misses you.
The orc priest closely misses you.
You hit the orc priest but do no damage.
The orc priest is severely wounded.
The orc priest hits you.
* * * LOW HITPOINT WARNING * * *
The orc barely misses you.
The orc priest mumbles some strange prayers to Beogh against you.
You barely resist.
You hit the orc priest but do no damage.
The orc priest is almost dead.
The orc priest calls upon Beogh to heal the orc priest.
The orc priest is healed somewhat.
The orc priest mumbles some strange prayers to Beogh against you.
Pain shoots through your body!
You die...
Your body crumbles into a pile of gold.

.._8_.......o.# ##(#
#.....##..#.### #.#
.......#..#.# #.#
.......#..#.#### #.#
..........#....## #.#
................## #.#
.......#.#.......# #.#
...(.........(o####[##
###.#.........o@......#######
....o.........o#####........#
#...((#)......##..........#
####.#..(<(.$....##.###'###..#
........##((.....##.# #.# #..#
###.#....##.....###.###.###..#
....#.#...##....o##.'.._###..#
.#..o.#.#.....(...oo###.###.(#
#oo####.##)...<.....# #.# #..#


You could see 2 orc priests, an orc and a friendly spectral +0 spear.

Vanquished Creatures
  A jelly (D:5)
  Jessica (D:3)
  2 orc wizards (D:3)
  4 adders
  An adder skeleton (D:4)
  A worm (D:4)
  2 dart slugs (D:2)
  A leopard gecko (D:1)
  6 orcs
  3 giant cockroaches
  2 hobgoblins (D:2)
  6 jackals (D:4)
  3 quokkas
  A ball python (D:3)
  6 bats
  2 frilled lizards
  3 goblins
  6 kobolds
  2 leopard gecko skeletons (D:4)
  5 rats
58 creatures vanquished.

Vanquished Creatures (others)
  A bat (D:3)
1 creature vanquished.

Grand Total: 59 creatures vanquished

Notes
Turn   | Place    | Note
-------+----------+-------------------------------------------
     0 | D:1      | Amnesiac the Merfolk Skald began the quest for the Orb.
     0 | D:1      | Reached XP level 1. HP: 16/16 MP: 3/3
    95 | D:2      | Reached XP level 2. HP: 16/22 MP: 0/5
    97 | D:2      | Reached skill level 4 in Charms
   344 | D:2      | Reached XP level 3. HP: 7/27 MP: 0/6
   569 | D:2      | Found a glowing silver altar of Zin.
   663 | D:2      | Reached skill level 5 in Charms
  1067 | D:3      | Found a bloodstained altar of Trog.
  1075 | D:3      | Reached XP level 4. HP: 21/33 MP: 3/7
  1083 | D:3      | Learned a level 3 spell: Spectral Weapon
  1371 | D:3      | Found a shattered altar of Ashenzari.
  1371 | D:3      | Found a snail-covered altar of Cheibriados.
  1430 | D:4      | Noticed Duvessa
  1494 | D:4      | Reached skill level 1 in Hexes
  2086 | D:3      | Noticed Jessica
  2091 | D:3      | Killed Jessica
  2091 | D:3      | Reached XP level 5. HP: 37/38 MP: 3/8
  2148 | D:5      | Entered Level 5 of the Dungeon
  2160 | D:5      | Found a staircase to the Ecumenical Temple.
  2169 | Temple   | Entered the Ecumenical Temple
  2362 | Temple   | Became a worshipper of Gozag Ym Sagoz the Greedy
  2869 | D:3      | Killed from afar by an orc priest

Levels and vault maps discovered:
D:1:      dpeg_arrival_connections, layout_basic, minmay_tripent
D:2:      layout_basic, nicolae_overflow_crystal_walls, first_ration
D:3:      layout_rooms, lemuel_crystal_altar,
          chequers_temple_overflow_statue_of_worship, lemuel_doored_altar,
          nemelex_spade_bored_becter, uniq_jessica
D:4:      layout_loops_cross, grunt_gozag_breadcrumbs, uniq_duvessa
D:5:      layout_gridville, minmay_temple_entry_glass, uniq_eustachio
Temple:   compressed_dpeg_triangle_lava_temple

Skill      XL: |  1  2  3  4  5 |
---------------+----------------+-----
Charms         | 4 5 |  5.2
Hexes          | 2 3 |  3.1
Polearms       | 4 |  4.5
Fighting       | |  2.1
Armour         | |  0.6
Dodging        | |  2.6
Spellcasting   | |  2.0

Action                   |  1- 3 |  4- 6 || total
-------------------------+-------+-------++-------
Melee: Spear             |    90 |   135 ||   225
 Cast: Infusion          |     9 |    12 ||    21
       Spectral Weapon   |       |     5 ||     5
  Use: Potion            |     2 |     2 ||     4
       Scroll            |       |     3 ||     3
 Stab: Sleeping          |       |     1 ||     1
  Eat: Chunk             |     1 |     5 ||     6
Armor: Leather armour    |    22 |    46 ||    68
Dodge: Dodged            |    67 |    75 ||   142

Table legend:
 A = Non-vault XP
 B = Vault XP
 C = Vault XP percentage of total XP
 D = Non-vault monster count
 E = Vault monster count
 F = Vault count percentage of total count
                 A         B        C        D         E       F
            +---------+---------+-------+---------+---------+-------
      Total |     269 |      37 |  12.1 |      57 |       1 |   1.7
            +---------+---------+-------+---------+---------+-------
        D:1 |       4 |       0 |   0.0 |       2 |       0 |   0.0
        D:2 |      74 |       0 |   0.0 |      23 |       0 |   0.0
        D:3 |     103 |      37 |  26.4 |      17 |       1 |   5.6
        D:4 |      43 |       0 |   0.0 |      13 |       0 |   0.0
        D:5 |      45 |       0 |   0.0 |       2 |       0 |   0.0
            +---------+---------+-------+---------+---------+-------
